 Seeded DCSS version 0.29-a0-553-g81b289d (webtiles) character file.

Game seed: 7382618546712178140 (custom seed)

399 Illumine the Cudgeller (level 6, -3/53 HPs)
             Began as a Troll Necromancer on June 6, 2022.
             Slain by a kobold
             ... wielding a +0 trident
              (5 damage)
             ... on level 4 of the Dungeon.
             The game lasted 00:09:00 (3414 turns).

Illumine the Cudgeller (Troll Necromancer)          Turns: 3414, Time: 00:09:00

Health: -3/53      AC:  4    Str: 25    XL:     6   Next: 54%
Magic:  6/6        EV:  9    Int: 11    God:
Gold:   172        SH:  0    Dex: 10    Spells: 6/7 levels left

rFire   . . .      SeeInvis .   q - +3 whip (elec)
rCold   . . .      Faith    .   (no shield)
rNeg    . . .      Spirit   .   a - +0 robe
rPois   .          Reflect  .   (helmet restricted)
rElec   .          Harm     .   x - scarf {shadows}
rCorr   .          Rampage  .   (gloves unavailable)
Will    .....                   (boots unavailable)
Stlth   +.........              (no amulet)
HPRegen 0.97/turn               n - +6 ring of strength
MPRegen 0.10/turn               (no ring)

@: lethally poisoned (-3 -> -7), about to teleport, slowed, very slow
A: large, unfitting armour, claws 3, regeneration 1, shaggy fur 1, tough skin 1
a: no special abilities


You were on level 4 of the Dungeon.
You visited 1 branch of the dungeon, and saw 4 of its levels.
You also visited: Sewer.

You collected 172 gold pieces.

Inventory:

Hand Weapons
 q - a +3 whip of electrocution (weapon)
 A - a +1 spectral quarterstaff
Missiles
 d - 172 stones (quivered)
 v - 4 large rocks
 w - 4 javelins
Armour
 a - a +0 robe (worn)
 x - a scarf of shadows (worn)
Jewellery
 n - a +6 ring of strength (left claw)
 s - a ring of resist corrosion
Wands
 t - a wand of mindburst (5)
 z - a wand of acid (1)
Scrolls
 c - 2 scrolls of identify {unknown}
 f - a scroll of enchant armour {unknown}
 h - a scroll of blinking {unknown}
 j - a scroll of poison {unknown}
 k - a scroll of enchant weapon
 m - 2 scrolls of fog {unknown}
 u - a scroll of noise {unknown}
 y - a scroll of amnesia {unknown}
 C - 2 scrolls of summoning {unknown}
Potions
 b - 3 potions of magic
 g - 2 potions of lignification {unknown}
 i - 2 potions of mutation {unknown}
 l - 2 potions of curing {unknown}
 o - a potion of resistance {unknown}
 p - a potion of flight {unknown}
 r - a potion of might {unknown}
 B - 2 potions of heal wounds {unknown}
 D - a potion of cancellation {unknown}
 E - a potion of haste {unknown}


   Skills:
 + Level 4.8 Maces & Flails
 - Level 1.6 Dodging
 - Level 1.0 Stealth
 - Level 3.5 Unarmed Combat
 - Level 1.2 Spellcasting
 - Level 3.3 Necromancy


You had 6 spell levels left.
You knew the following spells:

 Your Spells              Type           Power      Damage    Failure   Level
a - Necrotize             Necr           28%        1d5       9%          1

Your spell library contained the following spells:

 Spells                   Type           Power      Damage    Failure   Level
 Vampiric Draining        Necr           7%         2d6       24%         3
 Magic Dart               Conj           0%         1d3       32%         1
 Summon Small Mammal      Summ           0%         N/A       32%         1
 Searing Ray              Conj           0%         2d4       43%         2
 Animate Dead             Necr           7%         N/A       63%         4
 Call Canine Familiar     Summ           0%         N/A       67%         3
 Summon Guardian Golem    Hex/Summ       0%         N/A       67%         3
 Agony                    Necr           7%         N/A       92%         5
 Fulminant Prism          Conj/Hex       0%         3d6       97%         4


Dungeon Overview and Level Annotations

Branches:
Dungeon (4/15)              Sewer (visited)
 Temple: D:4-7

Altars:

Annotations:
D:3 1 runed translucent door, Geeful's ghost, amateur HONe


Innate Abilities, Weirdness & Mutations

You are too large for most types of armour.
You have claws for hands.
Your natural rate of healing is unusually fast.
You are covered in fur. (AC +1)
You have tough skin. (AC +1)


Message History

The kobold shouts! x2
You feel sick.
You hear a shout!
The kobold throws a stone.
The stone hits you.
The kobold brigand throws a curare-tipped dart.
The curare-tipped dart hits you.
You are more poisoned.
You have difficulty breathing.
You feel as though you will be slow longer.
As you read the scroll of teleportation, it crumbles to dust.
You feel strangely unstable.
You feel very sick.
The kobold unwields a +0 club.
The kobold wields a +0 hand crossbow.
The kobold shoots a bolt.
The bolt closely misses you.
The kobold brigand hits you with a +0 whip.
* * * LOW HITPOINT WARNING * * *
Okay, then.
Okay, then.
Okay, then.
Your surroundings suddenly seem different. 8 kobolds come into view.
A kobold is wielding a +0 mace and quivering poisoned darts.
A kobold is wielding a +0 short sword and quivering poisoned darts.
Found three human corpses and a club.
You feel very sick.
The kobold shouts! x4
The kobold shoots a bolt.
The bolt hits you.
* * * LOW HITPOINT WARNING * * *
The kobold throws a stone.
The stone barely misses you.
The kobold throws a poisoned dart.
The poisoned dart hits you!
You are more poisoned.
A kobold comes into view. It is wielding a +0 dagger.
As you read the scroll of teleportation, it crumbles to dust.
You feel strangely unstable.
* * * LOW HITPOINT WARNING * * *
You feel very sick.
The kobold hits you from afar with a +0 trident.
* * * LOW HITPOINT WARNING * * *
The kobold barely misses you.
The kobold hits you from afar with a +0 trident.
You die...

.>.....### ......## K
......# .♣♣.†.K..†)
.....## ###....K§§...
##...P♣
##.♣..KK.§§K..
###..P♣
#...K.KKKK.K..
#######♣..♣♣KKK..K...
###.....KKKK...... #
#.♣..♣♣#♣♣P@K..... #
####♣...P# ♣♣...K...
###....♣♣$## .......♣
........### ♣♣♣......
.##...### .....♣
####### ..♣♣.. # ..♣
.. #### ...#


You could see a kobold brigand and 20 kobolds.

Vanquished Creatures
  Pargi (Sewer)
  A phantom (D:4)
  2 jellies (D:4)
  7 adders
  2 river rats (D:4)
  2 ufetubi (D:4)
  2 dart slugs
  2 worms (D:4)
  3 orcs (D:3)
  4 endoplasms
  3 giant cockroaches
  7 goblins
  6 hobgoblins
  A quokka (D:3)
  7 ball pythons
  5 bats
  8 frilled lizards
  12 kobolds
  11 rats
86 creatures vanquished.

Vanquished Creatures (others)
  33 plants (D:4)
33 creatures vanquished.

Grand Total: 119 creatures vanquished

Notes
Turn   | Place    | Note
-------+----------+-------------------------------------------
     0 | D:1      | Illumine the Troll Necromancer began the quest for the Orb.
     0 | D:1      | Reached XP level 1. HP: 16/16 MP: 1/1
   243 | D:1      | Reached skill level 1 in Unarmed Combat
   289 | D:1      | Reached XP level 2. HP: 24/24 MP: 0/2
   939 | D:2      | Reached XP level 3. HP: 30/31 MP: 1/3
  2151 | D:3      | Found a runed translucent door.
  2180 | D:3      | Reached XP level 4. HP: 33/39 MP: 4/4
  2305 | D:3      | Reached skill level 1 in Maces & Flails
  2434 | D:3      | Noticed Geeful's ghost (amateur HONe)
  2694 | D:4      | Noticed a necrophage
  2723 | D:4      | Reached skill level 2 in Maces & Flails
  2791 | D:4      | Reached XP level 5. HP: 37/45 MP: 5/5
  2976 | D:4      | Noticed a phantom
  2996 | D:4      | Killed a phantom
  2997 | D:4      | Reached skill level 3 in Maces & Flails
  3137 | D:4      | Reached skill level 4 in Maces & Flails
  3137 | D:4      | Reached XP level 6. HP: 18/53 MP: 6/6
  3171 | D:4      | Found a glowing drain.
  3187 | Sewer    | Entered a sewer
  3212 | Sewer    | Noticed Pargi
  3216 | Sewer    | Killed Pargi
  3414 | D:4      | HP: 2/53 [kobold/+0 trident (5)]
  3414 | D:4      | Slain by a kobold

Illustrated notes

Levels and vault maps discovered:
D:1:      elethiomel_arrival_diamonds, layout_loops_ring,
          dreamdust_princess_bridge
D:2:      layout_loops_ring, serial_glass, glass_columns_a, glass_columns_b,
          glass_columns_b, glass_columns_b, glass_columns_a, glass_columns_a,
          glass_columns_b, glass_columns_c, grunt_ministairs_1
D:3:      layout_loops_ring, ebering_ghost_sewer_d, minmay_misc_feat_iff,
          grunt_decor_junction
D:4:      kennysheep_kobold_camp, layout_rooms, lightli_sewer_entry_pipes

Skill      XL: |  1  2  3  4  5 |
---------------+----------------+-----
Unarmed Combat | 1 2 3 |  3.5
Maces & Flails | 2 4 |  4.8
Dodging        | |  1.6
Stealth        | |  1.0
Spellcasting   | |  1.2
Necromancy     | |  3.3

Action                   |  1- 3 |  4- 6 || total
-------------------------+-------+-------++-------
Melee: Unarmed           |   106 |       ||   106
       Punch             |     3 |     3 ||     6
       Whip              |    13 |   140 ||   153
Throw: Stone             |     5 |    14 ||    19
 Cast: Necrotize         |    30 |     1 ||    31
Evoke: Wand              |       |     2 ||     2
  Use: Scroll            |     2 |     2 ||     4
 Stab: Sleeping          |     1 |     3 ||     4
Armor: Robe              |    42 |    45 ||    87
Dodge: Dodged            |    61 |    60 ||   121

Table legend: (Time is in decaauts)
 A = Elapsed time spent in this place.
 B = Non-inter-level travel time spent in this place.
 C = Inter-level travel time spent in this place.
 D = Time resting spent in this place.
 E = Time spent auto-exploring this place.
 F = Levels seen in this place.
 G = Mean time per level.
                   A        B        C        D        E       F      G
               +--------+--------+--------+--------+--------+-----+--------+
         Total |   3470 |   3286 |    184 |     30 |   2300 |   5 |  694.0 |
       Dungeon |   3326 |   3142 |    184 |     28 |   2256 |   4 |  831.5 |
         Sewer |    144 |    144 |      0 |      2 |     44 |   1 |  144.0 |
               +--------+--------+--------+--------+--------+-----+--------+

Top non-repeatable levels by time:
     D:1: 911 daAuts
     D:2: 858 daAuts
     D:3: 854 daAuts
     D:4: 702 daAuts
   Sewer: 144 daAuts
